 Dungeon Crawl Stone Soup version 0.28.0 (webtiles) character file.

Game seed: 4831628942281768554

64 Ratty the Skirmisher (level 3, -1/33 HPs)
             Began as a Draconian Cinder Acolyte on Feb 15, 2022.
             Was a High Priest of Ignis.
             Slain by a gnoll (6 damage)
             ... on level 2 of the Dungeon.
             The game lasted 00:05:04 (866 turns).

Ratty the Skirmisher (Draconian Cinder Acolyte)      Turns: 866, Time: 00:05:04

Health: -1/33      AC:  5    Str: 18    XL:     3   Next: 91%
Magic:  5/5        EV: 11    Int: 14    God:    Ignis [*****.]
Gold:   19         SH:  5    Dex:  6    Spells: 5/5 levels left

rFire   + . .      SeeInvis .   a - -1 falchion (flame)
rCold   . . .      Faith    .   (no shield)
rNeg    . . .      Spirit   .   (armour unavailable)
rPois   .          Reflect  +   (helmet restricted)
rElec   .          Harm     .   (no cloak)
rCorr   .          Rampage  .   (no gloves)
Will    .....                   (no boots)
Stlth   +.........              c - amulet of reflection
HPRegen 0.11/turn               (no ring)
MPRegen 0.09/turn               (no ring)

@: no status effects
A: AC +5, unfitting armour, cold-blooded
a: Renounce Religion, Fiery Armour, Foxfire Swarm


You were on level 2 of the Dungeon.
You worshipped Ignis.
Ignis was extremely pleased with you.
You visited 1 branch of the dungeon, and saw 2 of its levels.

You collected 19 gold pieces.

Inventory:

Hand Weapons
 a - a -1 falchion of flaming (weapon)
 h - a +0 dagger
Missiles
 d - 17 bolts
Armour
 e - a +0 ring mail
 g - a +0 chain mail
Jewellery
 c - an amulet of reflection (around neck)
Scrolls
 b - a scroll of summoning {unknown}
 i - a scroll of vulnerability {unknown}
 j - a scroll of brand weapon {unknown}
Potions
 f - a potion of mutation {unknown}


   Skills:
 + Level 3.8 Fighting
 + Level 3.5 Long Blades
 + Level 1.8 Spellcasting
 + Level 3.5 Fire Magic


You had 5 spell levels left.
You didn't know any spells.
Your spell library contained the following spells:

 Spells                   Type           Power      Damage    Failure   Level
 Scorch                   Fire           22%        2d6       9%          2


Dungeon Overview and Level Annotations

Branches:
Dungeon (2/15)

Altars:


Innate Abilities, Weirdness & Mutations

Your plain brown scales are hard. (AC +5)
You cannot fit into any form of body armour.
You are cold-blooded and may be slowed by cold attacks.


Message History

The foxfire hits the gnoll.
The gnoll is lightly wounded.
The gnoll hits you from afar with a +0 spear.
You hit the gnoll. You burn the gnoll.
The gnoll is heavily wounded.
The foxfire hits the endoplasm.
The endoplasm is heavily wounded.
The foxfire hits the goblin.
You kill the goblin!
The foxfire hits the endoplasm.
You kill the endoplasm!
The foxfire hits the ball python.
You kill the ball python!
The foxfire hits the gnoll.
The gnoll is severely wounded.
The foxfire hits the gnoll but does no damage.
The gnoll is severely wounded.
The foxfire hits the gnoll.
You kill the gnoll!
The foxfire hits the gnoll.
The gnoll is heavily wounded.
The gnoll hits you from afar with a +0 spear.
Found 10 gold pieces.
The gnoll closely misses you.
Things that are here:
a +0 club; a goblin corpse You barely miss the gnoll.
The gnoll is lightly wounded.
The gnoll closely misses you. You block the gnoll's attack.
The gnoll hits you with a +0 club.
You barely miss the gnoll.
The gnoll is lightly wounded.
The gnoll hits you but does no damage.
The gnoll hits you from afar with a +0 spear!
* * * LOW HITPOINT WARNING * * *
The gnoll misses you. The gnoll hits you with a +0 club.
* * * LOW HITPOINT WARNING * * *
The gnoll closely misses you.
The gnoll hits you from afar with a +0 spear.
You die...

### . #... ###.
#... #######...
#.... .....$.##
.$..####.......
#.......# .
#..).gg.###....
#.)†..g@.......
#......###.#.#.
#.......# # .####
#..(....#
....####.$......#
.................
...............###
..........##### .
. ..........# .#
..


You could see 3 gnolls.

Vanquished Creatures
  2 gnolls (D:2)
  2 adders (D:2)
  An orc (D:2)
  5 endoplasms
  2 goblins
  3 hobgoblins
  4 ball pythons
  2 bats (D:1)
  2 frilled lizards
  5 rats (D:1)
28 creatures vanquished.

Vanquished Creatures (others)
  2 demonic plants (D:1)
  8 foxfires (D:2)
  A fungus (D:1)
  A withered plant (D:1)
12 creatures vanquished.

Grand Total: 40 creatures vanquished

Notes
Turn   | Place    | Note
-------+----------+-------------------------------------------
     0 | D:1      | Ratty the Draconian Cinder Acolyte began the quest for the
                  | Orb.
     0 | D:1      | Reached XP level 1. HP: 19/19 MP: 2/2
   161 | D:1      | Reached XP level 2. HP: 26/26 MP: 3/3
   256 | D:1      | Found a faded altar of an unknown god.
   590 | D:2      | Reached XP level 3. HP: 24/33 MP: 5/5
   853 | D:1      | You fall into a shaft and drop 1 floor!
   866 | D:2      | Slain by a gnoll

Illustrated notes

Levels and vault maps discovered:
D:1:      dpeg_arrival_prison, layout_loops_cross, shapermc_ecumenical_altar_gd
D:2:      layout_rooms, minmay_misc_feat_pillars

Action                   || total
-------------------------++-------
Melee: Falchion          ||    43
       Punch             ||     2
       Tailslap          ||     2
Invok: Fiery Armour      ||     2
       Foxfire Swarm     ||     1
       Rising Flame      ||     1
Armor: Skin              ||    32
Dodge: Dodged            ||    46
Block: Other             ||    12
